 Dungeon Crawl Stone Soup version 0.30-a0-377-g5cb311bc9f (webtiles) character file.

Game seed: 3517477243210532303

8387 Twinkles the Covert (level 11, -5/60 (71) HPs)
             Began as a Kobold Brigand on Nov 28, 2022.
             Was a Believer of Wu Jian.
             Killed from afar by Josephine (21 damage)
             ... with a ghostly fireball
             ... on level 10 of the Dungeon on Nov 30, 2022.
             The game lasted 00:49:12 (11047 turns).

Twinkles the Covert (Kobold Brigand)               Turns: 11047, Time: 00:49:13

HP:   -5/60 (71)    AC:  7    Str:  9    XL:     11   Next: 54%
MP:   20/20         EV: 20    Int: 13    God:    Wu Jian [**....]
Gold: 524           SH:  9    Dex: 20    Spells: 10/10 levels left

rFire   . . .      SeeInvis .    b - +3 dagger (speed)
rCold   + . .      Faith    .    O - +2 buckler
rNeg    . . .      Spirit   .    n - +0 acid dragon scales
rPois   .          Reflect  .    (no helmet)
rElec   .          Harm     .    z - +0 cloak
rCorr   +          Rampage  .    (no gloves)
Will    .....                    (no boots)
Stlth   ++++++....               m - amulet of regeneration
HPRegen 1.10/turn                v - ring "Tidyn" {Wiz MP+9}
MPRegen 0.17/turn                I - ring of protection from cold

@: exhausted, heavily drained
A: small, no large weapons, nightstalker 3
a: Renounce Religion, Wall Jump


You were on level 10 of the Dungeon.
You worshipped Wu Jian.
Wu Jian was pleased with you.
You visited 2 branches of the dungeon, and saw 11 of its levels.
You also visited: Sewer.

You collected 640 gold pieces.
You spent 116 gold pieces at shops.

Inventory:

Hand Weapons
 a - a +2 dagger of venom
 b - a +3 dagger of speed (weapon)
 c - the +6 shortbow "Hanarghiq" {vorpal, rElec}
   (You found it on level 3 of the Dungeon)

   Any ammunition fired from it inflicts extra damage upon your enemies.
   rElec:     It insulates you from electricity.
 l - a +0 sling
 u - a +1 short sword of venom
 w - a +2 dagger
 G - a +3 vorpal flail
 K - a +2 flail of holy wrath
Missiles
 e - 8 curare-tipped darts
 h - 6 boomerangs
 R - 30 poisoned darts (quivered)
Armour
 n - +0 acid dragon scales (worn)
 x - a +0 kite shield
 z - a +0 cloak (worn)
 M - the +1 scale mail of Fapyhir {rF++}
   (You found it on level 6 of the Dungeon)

   rF:        It greatly protects you from fire.
 O - a +2 buckler (worn)
 Q - +0 steam dragon scales
 T - a +2 ring mail of fire resistance
Jewellery
 m - an amulet of regeneration (around neck)
 s - an amulet of reflection
 v - the ring "Tidyn" (left hand) {Wiz MP+9}
   (You found it on level 3 of the Dungeon)

   [ring of wizardry]

   It improves your spell success rate.
   MP:        It affects your magic capacity (+9).
 y - an amulet of magic regeneration
 I - a ring of protection from cold (right hand)
 V - a ring of wizardry
Wands
 d - a wand of digging (7)
 g - a wand of quicksilver (9)
 i - a wand of iceblast (11)
 j - a wand of polymorph (4)
 q - a wand of flame (8)
Scrolls
 f - 5 scrolls of noise
 k - 3 scrolls of poison
 o - a scroll of enchant armour {unknown}
 r - a scroll of enchant weapon
 t - 2 scrolls of immolation {unknown}
 D - 2 scrolls of blinking
 E - 2 scrolls of fog {unknown}
 X - 2 scrolls of magic mapping
 Y - 3 scrolls of teleportation
 Z - 3 scrolls of identify
Potions
 p - 4 potions of flight {unknown}
 A - 3 potions of might {unknown}
 B - 3 potions of brilliance
 C - 8 potions of cancellation
 F - a potion of degeneration {unknown}
 H - 3 potions of haste
 J - 4 potions of curing
 L - 2 potions of magic {unknown}
 N - 3 potions of heal wounds
 P - 7 potions of lignification
 S - 2 potions of ambrosia {unknown}
 U - 2 potions of mutation


   Skills:
 + Level 9.6 Fighting
 - Level 10.0 Short Blades
 - Level 5.1 Throwing
 + Level 10.2 Dodging
 + Level 12.0 Stealth
 - Level 4.0 Shields
 + Level 0.4 Evocations


You had 10 spell levels left.
You didn't know any spells.
Your spell library contained the following spells:

 Spells                   Type           Power      Damage    Failure   Level
 Magic Dart               Conj           0%         1d3       30%         1
 Call Imp                 Summ           0%         N/A       41%         2
 Mephitic Cloud           Conj/Pois/Air  0%         N/A       65%         3
 Summon Forest            Summ/Tloc      0%         N/A       100%        5
 Summon Mana Viper        Hex/Summ       0%         N/A       100%        5
 Summon Cactus Giant      Summ           0%         N/A       100%        6
 Chain Lightning          Conj/Air       0%         N/A       100%        9
 Fire Storm               Conj/Fire      0%         5d1       100%        9
 Shatter                  Erth           0%         3d5*      100%        9


Dungeon Overview and Level Annotations

Branches:
Dungeon (10/15) Zot: 26220  Temple (1/1) D:6 Zot: 5679   Sewer (visited)
   Lair: D:8-11         Orc: D:9-12

Altars:
Ashenzari
Cheibriados
Dithmenos
Elyvilon
Fedhas
Gozag
Hepliaklqana
Kikubaaqudgha
Makhleb
Nemelex Xobeh
Okawaru
Qazlal
Ru
Sif Muna
Trog
Uskayaw
Vehumet
Wu Jian
Xom
Yredelemnul
Zin
The Shining One

Shops:
D:5 *   D:6 (   D:10 *

Annotations:
D:4 2 transporters, Groverdextrious's ghost, novice OpEn
D:7 1 runed translucent door, osoart's ghost, novice OgGl
D:10 Josephine


Innate Abilities, Weirdness & Mutations

You are small and have problems with some larger weapons.
You are completely attuned to the shadows.


Message History

You hit Josephine.
Josephine is heavily wounded.
You hit Josephine.
Josephine is heavily wounded.
Josephine hits you with a +2 dagger of speed.
You barely miss Josephine.
Josephine is heavily wounded.
Josephine gestures at you while chanting.
The ghostly flame explodes!
The ghostly fireball engulfs you!
You feel drained.
The ghostly fireball engulfs Josephine.
Josephine completely resists.
You closely miss Josephine.
Josephine is heavily wounded.
You hit Josephine.
Josephine is heavily wounded.
You hit Josephine.
Josephine is heavily wounded.
Josephine barely misses you.
You hit Josephine.
Josephine is heavily wounded.
You puncture Josephine!
Josephine is severely wounded.
Josephine barely misses you.
You hit Josephine.
Josephine is severely wounded.
A wraith comes into view.
You hit Josephine.
Josephine is severely wounded.
Josephine gestures at you while chanting.
The ghostly flame explodes!
The ghostly fireball engulfs you!!
You feel drained.
The ghostly fireball engulfs Josephine.
Josephine completely resists.
Your supernatural speed expires.
Josephine points at you and mumbles some strange words.
The ghostly flame explodes!
The ghostly fireball engulfs you!
You feel drained.
* * * LOW HITPOINT WARNING * * *
Items here: ††††.
Josephine gestures at you while chanting.
The ghostly flame explodes!
The ghostly fireball engulfs you!!
You feel drained.
You die...

##.### #####.## #..# ##.
W#####...# ##.#### ..#..
....#.. ####### #.....#
W.. ###...# ......#
###..>..# #.# ##.##
......# #.......#####W#
#.#
......####.#.........#.#
#.#
...[..#....#.....#####@#
#.#
......'.####....@#####.##
##.## <.....###
#.....†..#...#####...#
......#
#.....##.@.#.......#..
......#
#.....####...#####...#
####'## ##.#### ##.##
###.## ##...# #..#####
### #.### #..### ##.....#
#.# #'##### ######+##
##.# ......# #..<....#
#..#


You could see Josephine.

Vanquished Creatures
  A two-headed ogre (D:9)
  Pikel (D:7)
  Joseph (D:8)
  Prince Ribbit (D:9)
  A wyvern (D:7)
  Sigmund (D:2)
  2 wraiths (D:10)
  15 yaks (D:10)
  Grum (D:8)
  2 steam dragons
  Edmund (D:4)
  An acid dragon (D:9)
  A water moccasin (D:6)
  4 orc warriors
  2 black bears (D:8)
  An ice beast (D:8)
  3 centaurs
  2 wolves (D:8)
  A lemure (D:7)
  2 kobold brigands
  6 bullfrogs
  A gnoll sergeant (D:10)
  4 scorpions
  8 killer bees
  3 howler monkeys (D:8)
  2 hounds
  Crazy Yiuf (D:5)
  5 orc priests
  4 gnoll boudas
  Terence (D:3)
  5 orc wizards
  18 gnolls
  16 adders
  5 river rats (Sewer)
  4 shadow imps
  2 white imps (D:6)
  5 worms
  A dart slug (D:4)
  21 orcs
  2 bats (D:2)
  7 endoplasms
  A giant cockroach (D:2)
  5 goblins
  3 hobgoblins (D:1)
  3 jackals (D:2)
  2 quokkas
  14 ball pythons
  5 frilled lizards
  23 kobolds
  21 rats
  A bush (D:6)
243 creatures vanquished.

Notes
Turn   | Place    | Note
-------+----------+-------------------------------------------
     0 | D:1      | Twinkles the Kobold Brigand began the quest for the Orb.
     0 | D:1      | Reached XP level 1. HP: 12/12 MP: 1/1
   283 | D:1      | Reached XP level 2. HP: 18/18 MP: 2/2
  1122 | D:2      | Reached XP level 3. HP: 20/22 MP: 3/3
  1346 | D:2      | Noticed Sigmund
  1350 | D:2      | Killed Sigmund
  1351 | D:2      | Reached skill level 6 in Stealth
  1351 | D:2      | Reached XP level 4. HP: 28/28 MP: 4/4
  1351 | D:2      | Reached XP level 5. HP: 32/32 MP: 5/5
  1696 | D:2      | Reached XP level 6. HP: 34/37 MP: 6/6
  2133 | D:3      | Identified the +6 shortbow "Hanarghiq" {vorpal, rElec}
  2138 | D:3      | Found a radiant altar of Vehumet.
  2139 | D:3      | Noticed Terence
  2143 | D:3      | Killed Terence
  2220 | D:3      | HP: 11/37 [poisoned by an orc]
  2225 | D:3      | HP: 9/37 [poisoned by an orc]
  2350 | D:3      | Identified the ring "Tidyn" {Wiz MP+9}
  2373 | D:3      | Found a glowing drain.
  2379 | Sewer    | Entered a sewer
  2740 | Sewer    | Reached XP level 7. HP: 42/42 MP: 7/7
  3574 | D:4      | Reached skill level 7 in Stealth
  3579 | D:4      | Found a transporter.
  3579 | D:4      | Found a transporter.
  3579 | D:4      | Noticed Groverdextrious's ghost (novice OpEn)
  3772 | D:4      | Reached skill level 5 in Short Blades
  4368 | D:5      | Entered Level 5 of the Dungeon
  4373 | D:5      | Noticed Edmund
  4410 | D:4      | Killed Edmund
  4411 | D:4      | Reached XP level 8. HP: 40/48 MP: 8/8
  4693 | D:5      | Found Dyibluess's Fire Supplies.
  5251 | D:5      | Found a runed translucent door.
  5254 | D:5      | Noticed Crazy Yiuf
  5267 | D:5      | Killed Crazy Yiuf
  5780 | D:5      | Reached skill level 5 in Throwing
  5780 | D:5      | Reached skill level 8 in Stealth
  5786 | D:5      | Reached skill level 5 in Dodging
  5806 | D:5      | Reached skill level 5 in Fighting
  5837 | D:6      | Found a staircase to the Ecumenical Temple.
  5844 | Temple   | Entered the Ecumenical Temple
  6124 | Temple   | Became a worshipper of the Wu Jian Council
  6284 | D:6      | Found Zimmorob's Weapon Emporium.
  6288 | D:6      | Bought 4 curare-tipped darts for 26 gold pieces
  6551 | D:6      | Reached XP level 9. HP: 54/54 MP: 9/9
  6697 | D:6      | Identified the +1 scale mail of Fapyhir {rF++}
  6985 | D:7      | Reached skill level 9 in Stealth
  6987 | D:7      | Noticed Pikel
  7013 | D:7      | Killed Pikel
  7663 | D:7      | Found a runed translucent door.
  7664 | D:7      | Found a shimmering altar of Xom.
  7664 | D:7      | Noticed osoart's ghost (novice OgGl)
  7664 | D:7      | Noticed a +1 flail of chaos
  7687 | D:7      | Reached skill level 10 in Stealth
  7873 | D:8      | Reached skill level 1 in Shields
  7898 | D:8      | Reached XP level 10. HP: 62/63 MP: 10/10
  7917 | D:8      | Found a bloodstained altar of Trog.
  8250 | D:8      | Reached * piety under Wu Jian
  8251 | D:8      | Noticed Grum
  8395 | D:8      | Killed Grum
  8609 | D:8      | Noticed Joseph
  8959 | D:8      | HP: 13/64 [Joseph/+0 quarterstaff (9)]
  8964 | D:8      | Killed Joseph
  9187 | D:8      | Reached ** piety under Wu Jian
  9396 | D:9      | Noticed Prince Ribbit
  9403 | D:9      | Killed Prince Ribbit
  9427 | D:9      | HP: 13/64 [something (9)]
  9493 | D:9      | Noticed a two-headed ogre
  9513 | D:9      | Killed a two-headed ogre
  9781 | D:9      | Reached skill level 10 in Short Blades
  9875 | D:9      | Reached XP level 11. HP: 69/69 MP: 11/11
 10173 | D:10     | Entered Level 10 of the Dungeon
 10202 | D:10     | Found Byrghewionwu's Bounteous Boutique.
 10209 | D:10     | Bought a scroll of blinking for 90 gold pieces
 10627 | D:10     | Reached skill level 11 in Stealth
 10871 | D:10     | Reached skill level 10 in Dodging
 10912 | D:10     | Reached *** piety under Wu Jian
 10928 | D:10     | Reached skill level 12 in Stealth
 11018 | D:10     | Noticed Josephine
 11042 | D:10     | HP: 10/63 [Josephine/ghostly fireball (13)]
 11047 | D:10     | Killed from afar by Josephine

Illustrated notes

Levels and vault maps discovered:
D:1:      minmay_arrival_four_houses, layout_basic
D:2:      layout_basic, uniq_sigmund
D:3:      layout_basic, vehumet_crystals, portal_sewer_entry_d, uniq_terence
D:4:      layout_basic, gammafunk_ghost_mausoleum
D:5:      layout_loops_corners, nicolae_shop_fire_sale [nicolae_sub_dead_trees],
          uniq_crazy_yiuf_cottage, uniq_edmund
D:6:      layout_rooms, minmay_temple_entry_wispy, serial_shops,
          nicolae_diamond_shop, minmay_hedge_maze, kennysheep_generic_room_7
D:7:      layout_basic, ebering_ghost_xom, minmay_tree_intersection, uniq_pikel
D:8:      layout_loops_cross, trog_ov_bears_minmay,
          hangedman_decor_diamond_cutter, uniq_grum, uniq_joseph
D:9:      layout_loops_ring, uniq_prince_ribbit1
D:10:     layout_roguey, minmay_misc_feat_tower, nrook_loot_triangle,
          nicolae_alphabet_shops, uniq_josephine
Temple:   nicolae_temple_bog_church

Skill      XL: |  1  2  3  4  5  6  7  8  9 10 11 |
---------------+----------------------------------+-----
Short Blades   | 3 4 5 6 8 10 | 10.0
Fighting       | 3 4 5 7 8 9 |  9.6
Throwing       | 3 4 5 |  5.1
Dodging        | 3 4 5 7 8 10 | 10.2
Stealth        | 6 7 8 10 12 | 12.0
Shields        | 1 3 4 |  4.0
Evocations     | |  0.4

Action                   |  1- 3 |  4- 6 |  7- 9 | 10-12 || total
-------------------------+-------+-------+-------+-------++-------
Melee: Dagger            |    64 |   182 |   376 |   503 ||  1125
       Punch             |     2 |     2 |     3 |       ||     7
       Unarmed           |       |       |     1 |       ||     1
 Fire: Shortbow          |       |     2 |       |       ||     2
Throw: Dart              |       |       |     8 |     3 ||    11
Invok: Lunge             |       |       |    17 |    33 ||    50
       Whirlwind         |       |       |       |     6 ||     6
       Serpent's Lash    |       |       |       |     1 ||     1
  Use: Scroll            |       |     4 |     4 |     5 ||    13
 Stab: Sleeping          |     6 |    10 |    31 |    20 ||    67
       Distracted        |       |       |     1 |     3 ||     4
Armor: Scale mail        |    26 |    69 |    40 |       ||   135
       Steam dragon scal |       |       |     1 |    13 ||    14
       Acid dragon scale |       |       |       |    25 ||    25
Dodge: Dodged            |    23 |   109 |   121 |   165 ||   418
Block: Buckler           |       |       |     8 |    94 ||   102

Table legend: (Time is in decaauts)
 A = Elapsed time spent in this place.
 B = Non-inter-level travel time spent in this place.
 C = Inter-level travel time spent in this place.
 D = Time resting spent in this place.
 E = Time spent auto-exploring this place.
 F = Levels seen in this place.
 G = Mean time per level.
                   A        B        C        D        E       F      G
               +--------+--------+--------+--------+--------+-----+--------+
         Total |  10709 |  10265 |    444 |    230 |   7754 |  12 |  892.4 |
       Dungeon |   9728 |   9328 |    400 |    230 |   7080 |  10 |  972.8 |
        Temple |    320 |    276 |     44 |      0 |    255 |   1 |  320.0 |
         Sewer |    660 |    660 |      0 |      0 |    418 |   1 |  660.0 |
               +--------+--------+--------+--------+--------+-----+--------+

Top non-repeatable levels by time:
     D:5: 1362 daAuts
     D:8: 1297 daAuts
     D:1: 1059 daAuts
     D:2: 1029 daAuts
     D:9: 956 daAuts
     D:7: 941 daAuts
     D:4: 888 daAuts
    D:10: 756 daAuts
     D:3: 724 daAuts
     D:6: 713 daAuts
   Sewer: 660 daAuts
  Temple: 320 daAuts
